 Dungeon Crawl Stone Soup version 0.20-a0-464-g526fb3c (webtiles) character file.

427 JeffiDaFish the Covered (level 6, -3/39 HPs)
             Began as a Gargoyle Fighter on Dec 24, 2016.
             Slain by an ogre
             ... wielding a +0 giant club
              (11 damage)
             ... on level 4 of the Dungeon on Jan 11, 2017.
             The game lasted 00:06:47 (2165 turns).

JeffiDaFish the Covered (Gargoyle Fighter)          Turns: 2165, Time: 00:06:48

Health: -3/39      AC: 18    Str: 20    XL:     6   Next: 97%
Magic:  6/6        EV:  5    Int:  8    God:
Gold:   145        SH: 10    Dex: 11    Spells: 5/5 levels left

rFire  . . .     SeeInvis .     a - +2 flail
rCold  . . .     Gourm    .     e - +0 chain mail
rNeg   + . .     Faith    .     c - +1 shield
rPois  ∞         Spirit   .     (no helmet)
rElec  +         Reflect  .     d - +0 cloak
rCorr  .         Harm     .     b - +0 pair of gloves (curse)
MR     .....                    k - +1 pair of boots
Stlth  ..........               i - amulet of rage
                                (no ring)
                                (no ring)

@: no status effects
A: negative energy resistance 1, regeneration 1, electricity resistance,
unbreathing, petrification resistance, rot immunity, AC +4
a: Evoke Berserk Rage


You were on level 4 of the Dungeon.
You were hungry.

You visited 1 branch of the dungeon, and saw 5 of its levels.

You collected 145 gold pieces.

Inventory:

Hand Weapons
 a - a +2 flail (weapon)
Armour
 b - a cursed +0 pair of gloves (worn)
 c - a +1 shield (worn)
 d - a +0 cloak (worn)
 e - a +0 chain mail (worn)
 k - a +1 pair of boots (worn)
Jewellery
 i - an amulet of rage (around neck)
Scrolls
 l - a scroll of identify
 m - a scroll of remove curse
Comestibles
 f - 3 bread rations
 g - 5 chunks of flesh
 h - a beef jerky
 j - 2 meat rations


   Skills:
 * Level 4.6 Fighting
 * Level 4.2 Maces & Flails
 * Level 4.9 Armour
 - Level 0.1 Dodging
 * Level 4.9 Shields
 + Level 1.0 Evocations


You had 5 spell levels left.
You didn't know any spells.

Dungeon Overview and Level Annotations

Branches:
Dungeon (5/15)
 Temple: D:4-7

Altars:
Gozag
Kikubaaqudgha
Qazlal
Zin


Innate Abilities, Weirdness & Mutations

You are resistant to torment.
Your stone body is resilient. (AC +4)
You are immune to poison.
You resist negative energy. (rN+)
You are resistant to electric shocks. (rElec)
You can survive without breathing.
You are immune to petrification.
You are immune to rotting.
Your natural rate of healing is unusually fast.


Message History

The orc priest is severely wounded.
The orc priest miscasts a cantrip.
An orc priest comes into view. It is wielding a hand axe.
The orc priest shouts!
You sock the orc priest!
You kill the orc priest!
The ogre hits you with a giant club.
Unknown command.
Your shield and chain mail prevent you from hitting the ogre.
The ogre hits you but does no damage. 2 orc priests come into view.
You barely miss the ogre.
The orc priest shouts! x2
The ogre hits you with a giant club. The ogre hits you with a giant club!!
Ouch! That really hurt!
* * * LOW HITPOINT WARNING * * *
There is a stone staircase leading up here.
The ogre hits you with a giant club!
You die...

.# ...# ### ###
>$#
##..##.###..##
##....@o......#
#....###O......#
......#oo.!....#
...............##
#....o.†...#....#
#.........%##...#
..........%.....#
...≈≈≈≈≈≈......!#
.≈≈####≈≈......#


You could see an ogre, 3 orc priests and an orc.

Vanquished Creatures
  Prince Ribbit (D:5)
  A bullfrog zombie (D:5)
  An orc priest (D:4)
  An orc wizard (D:3)
  Natasha (D:2)
  A worker ant (D:4)
  2 adders (D:2)
  4 worms
  2 dart slugs
  3 leopard geckos
  3 orcs (D:3)
  2 giant cockroaches
  14 goblins
  10 hobgoblins
  4 jackals
  2 kobolds (D:3)
  2 quokkas
  8 bats
  4 frilled lizards
  A jackal skeleton (D:4)
  7 rats
74 creatures vanquished.

Notes
Turn   | Place    | Note
-------+----------+-------------------------------------------
     0 | D:1      | JeffiDaFish the Gargoyle Fighter began the quest for the Orb.
     0 | D:1      | Reached XP level 1. HP: 14/14 MP: 1/1
   142 | D:1      | Reached XP level 2. HP: 17/19 MP: 2/2
   380 | D:1      | Gained mutation: Your natural rate of healing is unusually fast. [potion of mutation]
   380 | D:1      | Gained mutation: Your muscles are strong. (Str +2) [potion of mutation]
   380 | D:1      | Lost mutation: Your muscles are strong. (Str +2) [potion of mutation]
   730 | D:1      | Upgraded the game from 0.20-a0-351-gc9b4002 to 0.20-a0-464-g526fb3c
   751 | D:1      | Reached XP level 3. HP: 23/23 MP: 3/3
  1271 | D:2      | Noticed Natasha
  1284 | D:2      | Killed Natasha
  1284 | D:2      | Reached XP level 4. HP: 18/28 MP: 4/4
  1523 | D:2      | Found an ancient bone altar of Kikubaaqudgha.
  1585 | D:2      | Found an opulent altar of Gozag.
  1597 | D:2      | Found a glowing silver altar of Zin.
  1716 | D:3      | Found a faded altar of an unknown god.
  1790 | D:3      | Reached XP level 5. HP: 9/33 MP: 5/5
  1898 | D:3      | Found a stormy altar of Qazlal.
  2048 | D:3      | You fall through a shaft for 2 floors!
  2048 | D:5      | Entered Level 5 of the Dungeon
  2048 | D:5      | Noticed Prince Ribbit
  2066 | D:5      | Killed Prince Ribbit
  2066 | D:5      | Reached skill level 1 in Evocations
  2066 | D:5      | Reached XP level 6. HP: 33/39 MP: 6/6
  2165 | D:4      | Slain by an ogre

Vault maps used:
D:1:      mainiacjoe_arrival_reflecting_pool
D:2:      grunt_temple_overflow_gold_and_silver, overflow_temple_1_default,
          minmay_strange_pillars, uniq_natasha
D:3:      grunt_qazlal_clouds, chequers_ecumenical_altar_twisty
D:4:      kennysheep_decorative_pillar
D:5:      grunt_temple_overflow_open, nicolae_ossuary_entry_plus, first_bread,
          uniq_prince_ribbit1

Skill      XL: |  1  2  3  4  5 |
---------------+----------------+-----
Maces & Flails | 3 4 |  4.2
Shields        | 4 |  4.9
Armour         | 4 |  4.9
Fighting       | 4 |  4.6
Evocations     | 1 |  1.0
Dodging        | |  0.1

Action                   |  1- 3 |  4- 6 || total
-------------------------+-------+-------++-------
Melee: Flail             |   143 |   128 ||   271
  Use: Scroll            |     3 |     6 ||     9
       Potion            |     1 |     2 ||     3
  Eat: Chunk             |     1 |     3 ||     4
Armor: Scale mail        |    99 |    16 ||   115
       Chain mail        |       |    70 ||    70
Dodge: Dodged            |    48 |    32 ||    80
Block: Shield            |    69 |    86 ||   155
